 Dungeon Crawl Stone Soup version 0.24.0-1-gfbc8707122 (webtiles) character file.

Game seed: 1973310310502863490, levelgen mode: deterministic

1409 Curus the Carver (level 8, -2/64 HPs)
             Began as a Minotaur Monk on Oct 27, 2019.
             Was a Believer of Okawaru.
             Slain by Duvessa
             ... wielding a +0 rapier
              (4 damage)
             ... on level 5 of the Dungeon.
             The game lasted 00:19:29 (4886 turns).

Curus the Carver (Minotaur Monk)                    Turns: 4886, Time: 00:19:30

Health: -2/64      AC:  4    Str: 17    XL:     8   Next: 42%
Magic:  7/7        EV: 13    Int:  7    God:    Okawaru [**....]
Gold:   283        SH:  0    Dex: 16    Spells: 7/7 levels left

rFire    + + .     SeeInvis .   n - +1 long sword (holy)
rCold    + . .     Gourm    +   (no shield)
rNeg     . . .     Faith    .   m - +0 leather armour
rPois    .         Spirit   .   (helmet restricted)
rElec    .         Reflect  .   r - scarf {rC+ rF+}
rCorr    .         Harm     .   (no gloves)
MR       .....                  e - +0 pair of boots
Stlth    ++........             i - amulet of the gourmand
HPRegen  0.20/turn              d - ring of wizardry
MPRegen  0.10/turn              j - ring of flight

@: no status effects
A: retaliatory headbutt, horns 2, agile 1, deterioration 1, fire resistance 1
a: Heroism, Renounce Religion, Evoke Flight


You were on level 5 of the Dungeon.
You worshipped Okawaru.
Okawaru was pleased with you.
You were not hungry.

You visited 2 branches of the dungeon, and saw 6 of its levels.

You collected 283 gold pieces.

Inventory:

Hand Weapons
 a - a +0 falchion
 n - a +1 long sword of holy wrath (weapon)
Armour
 b - a +0 robe
 e - a +0 pair of boots (worn)
 m - a +0 leather armour (worn)
 r - a scarf of resistance (worn)
Jewellery
 d - a ring of wizardry (left hand)
 g - an uncursed ring of ice
 i - an amulet of the gourmand (around neck)
 j - a ring of flight (right hand)
 k - an uncursed amulet of faith
Wands
 p - a wand of paralysis (7)
Scrolls
 f - 4 scrolls of identify
 h - 4 scrolls of remove curse
 o - 2 scrolls of fear
 q - 2 scrolls of teleportation
 s - a scroll of magic mapping
Potions
 l - a potion of invisibility
Comestibles
 c - 3 rations


   Skills:
 - Level 3.6 Fighting
 + Level 12.5 Long Blades
 - Level 3.2 Dodging
 - Level 1.5 Stealth


You had 7 spell levels left.
You didn't know any spells.
Your spell library was empty.

Dungeon Overview and Level Annotations

Branches:
Dungeon (5/15)             Temple (1/1) D:4

Altars:
Ashenzari
Dithmenos
Gozag
Hepliaklqana
Nemelex Xobeh
Okawaru
Qazlal
Ru
Trog
Vehumet
Wu Jian
Xom

Annotations:
D:5 Duvessa


Innate Abilities, Weirdness & Mutations

You reflexively headbutt those who attack you in melee.
You have a pair of horns on your head.
You are agile. (Dex +2)
Your body sometimes deteriorates upon taking damage.
Your flesh is heat resistant. (rF+)


Message History

Duvessa misses you.
You hit Duvessa but do no damage.
Duvessa is severely wounded.
Duvessa hits you with a +0 rapier!
* * * LOW HITPOINT WARNING * * *
Unknown command.
You hit Duvessa.
Duvessa is almost dead.
Duvessa barely misses you.
You closely miss Duvessa.
Duvessa is almost dead.
Duvessa hits you with a +0 rapier.
* * * LOW HITPOINT WARNING * * *
You barely miss Duvessa.
Duvessa is almost dead.
Duvessa barely misses you.
You barely miss Duvessa.
Duvessa is almost dead.
Duvessa hits you with a +0 rapier.
You die...

# #.##
#####....##.....
#. #.#
##.##.##....#
#.#.##
....##.##....#
#....## #.####
......>
##.#..##..# .##.
#.##....# .##
###.##.).##
........#.##
.......@eo.#
.......)##..#
######... ....
#.... ... ......
.. ##..^... o
########


You could see Duvessa (berserk) and an orc.

Vanquished Creatures
  The ghost of Mrkan the Chopper, an amateur HOFi of Dithmenos (D:4)
  Sigmund (D:2)
  Eustachio (D:5)
  A phantom (D:4)
  3 big kobolds (D:4)
  A scorpion (D:4)
  Dowan (D:5)
  A crimson imp (D:5)
  3 hounds (D:5)
  Jessica (D:3)
  Natasha (thrice) (D:2)
  2 worker ants (D:4)
  A worker ant zombie (D:2)
  6 gnolls
  8 adders
  An adder zombie (D:2)
  3 adder skeletons
  3 worms
  4 leopard geckos
  4 orcs
  2 ball pythons
  A bat zombie (D:2)
  A giant cockroach (D:4)
  4 hobgoblins
  2 jackals (D:2)
  13 kobolds
  2 quokkas
  A ball python zombie (D:2)
  7 bats
  2 frilled lizards
  A giant cockroach zombie (D:2)
  4 goblins
  A leopard gecko skeleton (D:2)
  2 quokka skeletons
  7 rats
99 creatures vanquished.

Notes
Turn   | Place    | Note
-------+----------+-------------------------------------------
     0 | D:1      | Curus the Minotaur Monk began the quest for the Orb.
     0 | D:1      | Reached XP level 1. HP: 19/19 MP: 0/0
   242 | D:1      | Reached skill level 4 in Long Blades
   510 | D:1      | Reached XP level 2. HP: 25/26 MP: 1/1
  1110 | D:2      | Reached skill level 5 in Long Blades
  1110 | D:2      | Reached XP level 3. HP: 30/31 MP: 2/2
  1333 | D:2      | Noticed Natasha
  1343 | D:2      | HP: 1/31 [Natasha/magic dart (7)]
  1345 | D:2      | Killed Natasha
  1345 | D:2      | Reached skill level 6 in Long Blades
  1345 | D:2      | Reached XP level 4. HP: 1/39 MP: 3/3
  1802 | D:2      | Noticed Natasha
  1809 | D:2      | Killed Natasha
  2002 | D:2      | Reached XP level 5. HP: 45/45 MP: 4/4
  2014 | D:2      | Reached skill level 7 in Long Blades
  2086 | D:2      | Noticed Sigmund
  2095 | D:2      | Killed Sigmund
  2095 | D:2      | Reached skill level 8 in Long Blades
  2095 | D:2      | Reached XP level 6. HP: 11/51 MP: 5/5
  2767 | D:2      | Noticed Natasha
  2781 | D:2      | Killed Natasha
  2858 | D:3      | Noticed Jessica
  2863 | D:3      | Killed Jessica
  2863 | D:3      | Reached skill level 9 in Long Blades
  2884 | D:3      | Found a radiant altar of Vehumet.
  3154 | D:3      | Gained mutation: Your body sometimes deteriorates upon
                  | taking damage. [potion of mutation]
  3154 | D:3      | Gained mutation: You are agile. (Dex +2) [potion of
                  | mutation]
  3154 | D:3      | Gained mutation: Your flesh is heat resistant. (rF+)
                  | [potion of mutation]
  3201 | D:3      | Found a sparkling altar of Nemelex Xobeh.
  3370 | D:4      | Found an opulent altar of Gozag.
  3372 | D:4      | Found a hazy altar of Hepliaklqana.
  3379 | D:4      | Found a runed translucent gate.
  3380 | D:4      | Found a runed translucent gate.
  3380 | D:4      | Noticed Mrkan's ghost (amateur HOFi)
  3381 | D:4      | Found a runed translucent gate.
  3712 | D:4      | Reached XP level 7. HP: 32/57 MP: 6/6
  3746 | D:4      | Reached skill level 10 in Long Blades
  3797 | D:4      | Found a staircase to the Ecumenical Temple.
  3806 | Temple   | Entered the Ecumenical Temple
  3892 | Temple   | Became a worshipper of Warmaster Okawaru
  3892 | Temple   | Reached * piety under Okawaru
  3892 | Temple   | Reached ** piety under Okawaru
  4064 | D:4      | Found a bloodstained altar of Trog.
  4239 | D:4      | Killed Mrkan's ghost
  4239 | D:4      | Reached skill level 11 in Long Blades
  4241 | D:4      | Reached XP level 8. HP: 38/64 MP: 4/7
  4289 | D:5      | Entered Level 5 of the Dungeon
  4289 | D:5      | Found a sparkling altar of Nemelex Xobeh.
  4289 | D:5      | Noticed Eustachio
  4321 | D:5      | HP: 3/64 [ufetubus[Eustachio] (5)]
  4325 | D:5      | Killed Eustachio
  4325 | D:5      | Reached skill level 12 in Long Blades
  4855 | D:5      | Noticed Dowan
  4862 | D:5      | Killed Dowan
  4867 | D:5      | Noticed Duvessa
  4882 | D:5      | HP: 2/64 [Duvessa/+0 rapier (10)]
  4886 | D:5      | Slain by Duvessa

Levels and vault maps discovered:
D:1:      lemuel_arrival_behind_the_door_large, layout_loops_corners
D:2:      layout_loops_ring, serial_undead, serial_undead_d, serial_undead_a,
          serial_undead_e, serial_undead_f, serial_undead_a, serial_undead_c,
          serial_undead_e, serial_undead_b, serial_undead_a, serial_undead_c,
          serial_bayou_ford_a, uniq_sigmund, uniq_natasha
D:3:      layout_loops_cross, fiery_altar_vehumet, nemelex_diamond_rough_becter,
          uniq_jessica
D:4:      cheibrodos_old_hovel, layout_basic,
          chequers_temple_overflow_statue_of_worship, lemuel_doored_altar,
          minmay_temple_entry_poolview, gammafunk_ghost_nasty_kobolds,
          chequers_arboretum, kennysheep_nondescript
D:5:      layout_rooms, overflow_temple_1_default,
          nicolae_overflow_hidden_temple, first_ration, uniq_eustachio,
          uniq_duvessa
Temple:   nicolae_temple_figure_zero

Skill      XL: |  1  2  3  4  5  6  7  8 |
---------------+-------------------------+-----
Long Blades    | 4 5 6 8 9 11 12 | 12.5
Fighting       | |  3.6
Dodging        | |  3.2
Stealth        | |  1.5

Action                   |  1- 3 |  4- 6 |  7- 9 || total
-------------------------+-------+-------+-------++-------
Melee: Falchion          |    69 |    98 |       ||   167
       Headbutt          |    10 |    26 |    31 ||    67
       Long sword        |       |    15 |   106 ||   121
Invok: Heroism           |       |       |     2 ||     2
  Use: Potion            |     4 |     4 |     1 ||     9
       Scroll            |     4 |     3 |     1 ||     8
 Stab: Sleeping          |     5 |     3 |       ||     8
  Eat: Chunk             |     2 |     4 |       ||     6
       Ration            |       |     1 |     1 ||     2
Armor: Robe              |    12 |    11 |       ||    23
       Leather armour    |       |     3 |    27 ||    30
Dodge: Dodged            |    45 |    51 |    89 ||   185
       Rpst.: Falchion   |    11 |    11 |       ||    22
       Long sword        |       |     3 |    22 ||    25
